 Dungeon Sprint DCSS version 0.29.1-2-gbd0b4ee654 (webtiles) character file.

Game seed: 12190739070402953276

8309 Zeld the Eclecticist (level 11, -17/54 HPs)
             Began as a Deep Elf Conjurer on Oct 26, 2022.
             Was a High Priest of Sif Muna.
             Shot with an arrow by a spriggan rider (39 damage)
             ... in the Dungeon (Sprint IV: "Fedhas' Mad Dash").
             The game lasted 00:10:17 (5616 turns).

Zeld the Eclecticist (Deep Elf Conjurer)            Turns: 5616, Time: 00:10:18

Health: -17/54     AC:  2    Str:  4    XL:     11   Next: 8%
Magic:  30/37      EV: 18    Int: 28    God:    Sif Muna [*****.]
Gold:   14         SH:  0    Dex: 13    Spells: 33/50 levels left

rFire   + . .      SeeInvis .   (no weapon)
rCold   . . .      Faith    .   (no shield)
rNeg    . . .      Spirit   .   a - +0 robe
rPois   +          Reflect  .   (no helmet)
rElec   .          Harm     .   (no cloak)
rCorr   .          Rampage  .   (no gloves)
Will    +....      NoTele   +   (no boots)
Stlth   ++++++....              h - amulet of invisibility {+Inv}
HPRegen 0.18/turn               k - ring of Pyromania {rPois rF+}
MPRegen 0.25/turn               (no ring)

@: no status effects
A: no striking features
a: Renounce Religion, Evoke Invisibility, Channel Magic, Forget Spell, Divine
Exegesis


You were in the Dungeon.
You worshipped Sif Muna.
Sif Muna was extremely pleased with you.
You visited 1 branch You collected 260 gold pieces.
You spent 246 gold pieces at shops.

Inventory:

Armour
 a - a +0 robe (worn)
Jewellery
 h - the amulet of invisibility (around neck) {+Inv}
   (You found it in the Dungeon)

   [amulet of nothing]

   +Inv:      It lets you turn invisible.
 k - the ring of Pyromania (left hand) {rPois rF+}
   (You found it in the Dungeon)

   [ring of protection from fire]

   rF:        It protects you from fire.
   rPois:     It protects you from poison.
Wands
 i - a wand of light (10)
Scrolls
 b - a scroll of fear
 g - a scroll of blinking
 j - a scroll of identify {unknown}
 l - a scroll of enchant armour
Potions
 c - 3 potions of curing
 d - 2 potions of heal wounds
 e - a potion of haste
 f - a potion of berserk rage


   Skills:
 + Level 13.5 Dodging
 + Level 14.6 Stealth
 * Level 20.1 Spellcasting
 * Level 17.5 Conjurations


You had 33 spell levels left.
You knew the following spells:

 Your Spells              Type           Power      Damage    Failure   Level
a - Magic Dart            Conj           100%       1d8       0%          1
b - Searing Ray           Conj           100%       2d8       0%          2
c - Fulminant Prism       Conj/Hex       33%        3d16      1%          4
d - Iskenderun's Mystic   Conj/Tloc      67%        2d14      1%          4
e - Iron Shot             Conj/Erth      33%        9d7       6%          6

Your spell library contained the following spells:

 Spells                   Type           Power      Damage    Failure   Level
 Dazzling Flash           Conj/Hex       100%       N/A       1%          3
 Mephitic Cloud           Conj/Pois/Air  57%        N/A       1%          3
 Stone Arrow              Conj/Erth      100%       3d13      1%          3
 Iskenderun's Battlesphe  Conj           90%        2d14      1%          5
 Call Imp                 Summ           28%        N/A       2%          2
 Sublimation of Blood     Necr           28%        N/A       2%          2
 Summon Ice Beast         Ice/Summ       28%        N/A       14%         4
 Spellforged Servitor     Conj/Summ      33%        N/A       32%         7
 Lee's Rapid Deconstruct  Erth           14%        3d10*     36%         5
 Summon Mana Viper        Hex/Summ       28%        N/A       36%         5
 Lehudib's Crystal Spear  Conj/Erth      33%        10d9      95%         8
 Monstrous Menagerie      Summ           14%        N/A       100%        7


Dungeon Overview and Level Annotations

Branches:
Dungeon (1/1)

Altars:
Cheibriados
Dithmenos
Elyvilon
Gozag
Hepliaklqana
Kikubaaqudgha
Makhleb
Nemelex Xobeh
Okawaru
Qazlal
Ru
Sif Muna
Trog
Uskayaw
Vehumet
Wu Jian
Xom
Yredelemnul
Zin
The Shining One
Jiyva
Lugonu

Shops:
D ((?=(((=


Message History

HP restored.
You start waiting.
Something unseen opens the door.
You start waiting.
A spriggan rider is nearby!
There is an open door here.
Casting: Fulminant Prism (safe; 1% risk of failure)
Confirm with . or Enter, or press ? or * to list all spells.
Aiming: Fulminant Prism (safe; 1% risk of failure)
Press: ? - help, Dir - move target You conjure a prism of explosive energy!
A fulminant prism comes into view.
The spriggan rider wields the +8 storm bow {elec, penet}.
You hear the crackle of electricity.
The spriggan rider shoots an arrow.
The arrow pierces through you!!
Ouch! That really hurt!
Unknown command.
The spriggan rider shoots an arrow.
The arrow barely misses you.
Your fulminant prism crackles loudly.
Unknown command.
Unknown command.
Casting: Fulminant Prism (safe; 1% risk of failure)
Confirm with . or Enter, or press ? or * to list all spells.
You can't see any susceptible monsters within range! (Use Z to cast anyway.) Unknown command.
The spriggan rider shoots an arrow.
The arrow pierces through you.
Your fulminant prism explodes!
The blast of energy engulfs the spriggan rider!!
The spriggan rider is heavily wounded.
Unknown command.
Unknown command.
Casting: Fulminant Prism (safe; 1% risk of failure)
Confirm with . or Enter, or press ? or * to list all spells.
Aiming: Fulminant Prism (safe; 1% risk of failure)
Press: ? - help, Dir - move target You conjure a prism of explosive energy!
A fulminant prism comes into view.
The spriggan rider shoots an arrow.
The arrow pierces through you!!!
Ouch! That really hurt!
You die...

#################################
#.⌠._._._._.⌠.#..))..#....##∩##.#
'.._._._._._..'..#...#....':)##'#
#..._._._._...#..###'##...##∩#..#
#.._._._._._..#..##∩∩.'...#####..
#._._._._._.⌠.#################..
###################*.)...###.....
#♣♣♣♣♣..♣.###.'.@'.....))'.'...♣.
......♣..♣##..#..#i......########
♣..♣♣♣.♣).###.##'##......#
.♣♣..♣...♣'...#♣)♣########
###############.)...#### ......#
###..♣..♣....###
....P.#####...♣......♣...♣###
....P.§........♣.....∩)∩...)#
........#####################


You could see a spriggan rider (ally target) and a friendly fulminant prism.

Vanquished Creatures
  Agnes (D)
  A spriggan defender (D)
  A spriggan berserker (D)
  A spriggan druid (D)
  6 oklob plants (D)
  A moth of wrath (D)
  A demonic crawler (D)
  3 burning bushes (D)
  3 wandering mushrooms (D)
  A queen bee (D)
  2 hornets (D)
  3 scorpions (D)
  4 killer bees (D)
  5 oklob saplings (D)
  5 spriggans (D)
  A river rat (D)
  A rat (D)
  A ballistomycete spore (D)
  2 fulminant prisms (D)
43 creatures vanquished.

Vanquished Creatures (others)
  A ballistomycete spore (D)
  A bush (D)
  39 fulminant prisms (D)
  5 fungi (D)
46 creatures vanquished.

Grand Total: 89 creatures vanquished

Notes
Turn   | Place    | Note
-------+----------+-------------------------------------------
     0 | D        | Zeld the Deep Elf Conjurer began the quest for the Orb.
     0 | D        | Reached XP level 1. HP: 10/10 MP: 6/6
    41 | D        | Reached skill level 4 in Spellcasting
    41 | D        | Reached skill level 5 in Conjurations
    41 | D        | Reached XP level 2. HP: 3/15 MP: 2/9
   280 | D        | Learned a level 2 spell: Searing Ray
   284 | D        | Noticed an oklob sapling
   285 | D        | Killed an oklob sapling
   286 | D        | Reached skill level 5 in Spellcasting
   286 | D        | Reached XP level 3. HP: 19/19 MP: 8/12
   618 | D        | Noticed a scorpion
   618 | D        | Found the amulet of invisibility {+Inv}
   622 | D        | Killed a scorpion
   623 | D        | Reached skill level 5 in Stealth
   623 | D        | Reached skill level 7 in Spellcasting
   623 | D        | Reached XP level 4. HP: 17/24 MP: 8/15
   908 | D        | Found an opulent altar of Gozag.
   908 | D        | Found a hazy altar of Hepliaklqana.
   908 | D        | Found a burning altar of Makhleb.
   908 | D        | Found a sparkling altar of Nemelex Xobeh.
   908 | D        | Found a snail-covered altar of Cheibriados.
   908 | D        | Found a sacrificial altar of Ru.
   908 | D        | Found a shimmering blue altar of Sif Muna.
   908 | D        | Found a shimmering altar of Xom.
   908 | D        | Found a basalt altar of Yredelemnul.
   909 | D        | Found a viscous altar of Jiyva.
   909 | D        | Found a bloodstained altar of Trog.
   909 | D        | Found an ornate altar of the Wu Jian Council.
   910 | D        | Found an iron altar of Okawaru.
   910 | D        | Found a shadowy altar of Dithmenos.
   910 | D        | Found a glowing silver altar of Zin.
   911 | D        | Found an ancient bone altar of Kikubaaqudgha.
   911 | D        | Found a hide-covered altar of Uskayaw.
   912 | D        | Found a stormy altar of Qazlal.
   912 | D        | Found a white marble altar of Elyvilon.
   912 | D        | Found a glowing golden altar of the Shining One.
   913 | D        | Found a radiant altar of Vehumet.
   913 | D        | Found a corrupted altar of Lugonu.
   916 | D        | Became a worshipper of Sif Muna the Loreminder
   922 | D        | Reached skill level 5 in Dodging
   922 | D        | Reached skill level 8 in Spellcasting
   922 | D        | Reached XP level 5. HP: 28/28 MP: 8/17
  1050 | D        | Reached * piety under Sif Muna
  1051 | D        | Reached skill level 9 in Spellcasting
  1053 | D        | Reached skill level 10 in Spellcasting
  1053 | D        | Reached XP level 6. HP: 25/32 MP: 12/21
  1124 | D        | Learned a level 4 spell: Fulminant Prism
  1129 | D        | Learned a level 4 spell: Iskenderun's Mystic Blast
  1129 | D        | Found Runavun's Weapon Shop.
  1129 | D        | Found Julepli's Weapon Emporium.
  1136 | D        | Noticed a burning bush
  1136 | D        | Noticed a wandering mushroom
  1139 | D        | Reached ** piety under Sif Muna
  1140 | D        | Noticed a wandering mushroom
  1151 | D        | Killed a wandering mushroom
  1151 | D        | Killed a burning bush
  1152 | D        | Reached skill level 12 in Spellcasting
  1152 | D        | Reached XP level 7. HP: 17/36 MP: 7/25
  1155 | D        | Killed a wandering mushroom
  1156 | D        | Reached skill level 13 in Spellcasting
  1156 | D        | Reached XP level 8. HP: 20/41 MP: 4/27
  1548 | D        | Found Yzialis's Weapon Emporium.
  1548 | D        | Found Moetefytez's Weapon Shoppe.
  1600 | D        | Reached *** piety under Sif Muna
  1710 | D        | Noticed a queen bee
  1717 | D        | Reached skill level 10 in Stealth
  1921 | D        | Killed a queen bee
  1921 | D        | Reached **** piety under Sif Muna
  1922 | D        | Reached skill level 14 in Spellcasting
  2121 | D        | Noticed an oklob plant
  2136 | D        | Killed an oklob plant
  2137 | D        | Reached skill level 10 in Dodging
  2137 | D        | Reached skill level 15 in Spellcasting
  2308 | D        | Noticed a burning bush
  2596 | D        | HP: 2/41 [burning bush/puff of flame (16)]
  2903 | D        | Killed a burning bush
  2904 | D        | Reached XP level 9. HP: 35/45 MP: 19/30
  2968 | D        | Noticed a burning bush
  2968 | D        | Noticed an oklob plant
  3081 | D        | Noticed a wandering mushroom
  3374 | D        | Killed a burning bush
  3751 | D        | Killed an oklob plant
  3752 | D        | Reached skill level 16 in Spellcasting
  3754 | D        | Killed a wandering mushroom
  3754 | D        | Reached ***** piety under Sif Muna
  3842 | D        | Noticed a spriggan druid
  3845 | D        | Killed a spriggan druid
  3845 | D        | Noticed a moth of wrath
  3846 | D        | Reached skill level 17 in Spellcasting
  3847 | D        | Killed a moth of wrath
  3848 | D        | Reached skill level 15 in Conjurations
  3951 | D        | Noticed an oklob plant conjurer
  3953 | D        | Killed an oklob plant conjurer
  3953 | D        | Received a gift from Sif Muna
  3954 | D        | Reached XP level 10. HP: 50/50 MP: 23/33
  3957 | D        | Got Sif Muna's Omnibus of Battle Magic {god gift}
  4024 | D        | Learned a level 6 spell: Iron Shot
  4025 | D        | Noticed Agnes
  4036 | D        | Noticed a spriggan berserker
  4039 | D        | Killed Agnes
  4040 | D        | Reached skill level 18 in Spellcasting
  4040 | D        | Killed a spriggan berserker
  4409 | D        | Noticed an oklob plant
  4409 | D        | Noticed an oklob plant summoner
  4416 | D        | Noticed an oklob plant shifter
  4419 | D        | Killed an oklob plant summoner
  4423 | D        | Killed an oklob plant shifter
  4423 | D        | Received a gift from Sif Muna
  4424 | D        | Reached skill level 19 in Spellcasting
  4427 | D        | Killed an oklob plant
  4430 | D        | Got Sif Muna's Compilation of Black Rites and the Geologist
                  | {god gift}
  4464 | D        | Noticed a spriggan rider
  4758 | D        | Found Peiskeab's Antique Weapon Emporium.
  4761 | D        | Found Bufud's Jewellery Shoppe.
  4774 | D        | Identified the ring of Pyromania {rPois rF+}
  4927 | D        | Found Ceneb's Magic Scroll Emporium.
  4929 | D        | Found Fesoh Ofy's Jewellery Shoppe.
  4930 | D        | Noticed a spriggan defender
  4950 | D        | Killed a spriggan defender
  4951 | D        | Reached skill level 20 in Spellcasting
  4951 | D        | Reached XP level 11. HP: 9/54 MP: 31/37
  4953 | D        | Bought a scroll of blinking for 97 gold pieces
  4953 | D        | Bought a scroll of fear for 52 gold pieces
  4953 | D        | Bought a scroll of enchant armour for 97 gold pieces
  5325 | D        | Noticed a spriggan rider
  5616 | D        | Shot with an arrow by a spriggan rider

Illustrated notes

Levels and vault maps discovered:
D:        dungeon_sprint_fedhas [sprint_temple]

Skill      XL: |  1  2  3  4  5  6  7  8  9 10 |
---------------+-------------------------------+-----
Dodging        | 3 4 5 6 8 9 10 11 13 | 13.5
Stealth        | 3 4 5 7 9 11 12 14 | 14.6
Spellcasting   | 4 5 7 8 10 12 13 15 17 20 | 20.1
Conjurations   | 5 7 9 11 13 15 17 | 17.5

Action                   |  1- 3 |  4- 6 |  7- 9 | 10-12 || total
-------------------------+-------+-------+-------+-------++-------
Melee: Unarmed           |     1 |       |       |       ||     1
 Cast: Magic Dart        |     8 |       |       |       ||     8
       Searing Ray       |     2 |     5 |     4 |     1 ||    12
       Fulminant Prism   |       |     4 |    23 |    15 ||    42
       Iskenderun's Myst |       |       |    18 |    21 ||    39
       Iron Shot         |       |       |       |     1 ||     1
 Abil: Evoke Invisibilit |       |     2 |    10 |     2 ||    14
  Use: Potion            |       |       |       |     3 ||     3
       Scroll            |       |       |       |     1 ||     1
Dodge: Dodged            |     4 |     3 |     8 |     6 ||    21
